 Dungeon Crawl Stone Soup version 0.30-a0-304-gdc4b735fe1 (webtiles) character file.

Game seed: 10597610383327768822

7 lunkers the Digger (level 2, -2/20 HPs)
             Began as a Meteoran Earth Elementalist on Oct 21, 2022.
             Slain by a gnoll
             ... wielding a +0 club
              (5 damage)
             ... on level 1 of the Dungeon.
             The game lasted 00:00:15 (282 turns).

lunkers the Digger (Meteoran Earth Elementalist)     Turns: 282, Time: 00:00:16

Health: -2/20      AC:  2    Str:  9    XL:     2   Next: 17%
Magic:  0/7        EV: 12    Int: 16    God:
Gold:   16         SH:  0    Dex: 14    Spells: 6/7 levels left

rFire   . . .      SeeInvis .    (no weapon)
rCold   . . .      Faith    .    (no shield)
rNeg    . . .      Spirit   .    a - +0 robe
rPois   .          Reflect  .    (no helmet)
rElec   .          Harm     .    (no cloak)
rCorr   .          Rampage  .    (no gloves)
Will    .....                    (no boots)
Stlth   +.........               (no amulet)
HPRegen 0.23/turn                (no ring)
MPRegen 0.10/turn                (no ring)

@: glowing
A: sense surroundings 1, otherworldly, glowing, explore regen
a: no special abilities


You were on level 1 of the Dungeon.
You visited 1 branch of the dungeon, and saw 1 of its levels.

You collected 16 gold pieces.

Inventory:

Armour
 a - a +0 robe (worn)
Jewellery
 c - a ring of poison resistance
Scrolls
 d - 2 scrolls of blinking {unknown}
 e - a scroll of immolation {unknown}
 f - a scroll of butterflies {unknown}
Potions
 b - a potion of magic
 g - 2 potions of heal wounds {unknown}
 h - a potion of haste {unknown}


   Skills:
 - Level 2.4 Dodging
 - Level 1.4 Stealth
 + Level 3.0 Spellcasting
 - Level 1.2 Transmutations
 * Level 4.0 Earth Magic


You had 6 spell levels left.
You knew the following spells:

 Your Spells              Type           Power      Damage    Failure   Level
a - Sandblast             Erth           30%        2d9       3%          1

Your spell library contained the following spells:

 Spells                   Type           Power      Damage    Failure   Level
 Passwall                 Tmut/Erth      8%         N/A       10%         2
 Stone Arrow              Conj/Erth      16%        3d8       24%         3
 Petrify                  Tmut/Erth      10%        N/A       54%         4


Dungeon Overview and Level Annotations

Branches:
Dungeon (1/15) Zot: 312

Altars:


Innate Abilities, Weirdness & Mutations

You passively map a small area around you.
You are easily found by Zot.
You glow in the dark.
You regain HP and MP as you explore.


Message History

The blast of sand hits the hobgoblin.
You kill the hobgoblin!
Your Earth Magic skill increases to level 4!
You have reached level 2!
Casting: Sandblast (safe; 3% risk of failure)
Confirm with . or Enter, or press ? or * to list all spells.
The blast of sand hits the endoplasm.
The endoplasm is severely wounded.
The endoplasm closely misses you.
Casting: Sandblast (safe; 3% risk of failure)
Confirm with . or Enter, or press ? or * to list all spells.
The blast of sand hits the endoplasm!
You kill the endoplasm!
Your Spellcasting skill increases to level 3!
Casting: Sandblast (safe; 3% risk of failure)
Confirm with . or Enter, or press ? or * to list all spells.
The blast of sand hits the gnoll but does no damage.
* * * LOW MAGIC WARNING * * *
The gnoll hits you with a +0 club.
Casting: Sandblast (safe; 3% risk of failure)
Confirm with . or Enter, or press ? or * to list all spells.
The blast of sand hits the gnoll.
The gnoll is lightly wounded.
* * * LOW MAGIC WARNING * * *
The gnoll hits you with a +0 club.
Unknown command.
Aiming: Sandblast (safe; 3% risk of failure)
Press: ? - help, Q - select action Shift-Dir - straight line, f/p - gnoll
Aim: a gnoll, wielding a +0 club (lightly wounded, 84% to hit)
The blast of sand hits the gnoll.
The gnoll is heavily wounded.
* * * LOW MAGIC WARNING * * *
The gnoll hits you with a +0 club.
* * * LOW HITPOINT WARNING * * *
The gnoll misses you.
Unknown command.
The gnoll attacks as you move away! The gnoll hits you with a +0 club!
* * * LOW HITPOINT WARNING * * *
The gnoll attacks as you move away! The gnoll hits you with a +0 club.
You die...

######....### #......
#...........# .......
#...........# .......
,
#...........##.†.....
###...........# ,* ,*
* #...........# ,, ,
, #...........# ,
#..........g# ,
#..........@# , , ###
#...........# * , ..#
#..(........# ..#
#...........# * ..#
#...........# , ..#
#...........# ..#
#...........#
..####...........#*
..'...........


You could see a gnoll.

Vanquished Creatures
  2 endoplasms (D:1)
  2 hobgoblins (D:1)
  2 rats (D:1)
6 creatures vanquished.

Notes
Turn   | Place    | Note
-------+----------+-------------------------------------------
     0 | D:1      | lunkers the Meteoran Earth Elementalist began the quest for
                  | the Orb.
     0 | D:1      | Reached XP level 1. HP: 14/14 MP: 5/5
   273 | D:1      | Reached skill level 4 in Earth Magic
   273 | D:1      | Reached XP level 2. HP: 20/20 MP: 4/6
   282 | D:1      | Slain by a gnoll

Illustrated notes

Levels and vault maps discovered:
D:1:      nzn_arrival_depleted_hourglass, layout_basic, minmay_misc_feat_five

Skill      XL: |  1  2 |
---------------+-------+-----
Earth Magic    | 4 |  4.0
Spellcasting   | 3 |  3.0
Dodging        | |  2.4
Stealth        | |  1.4
Transmutations | |  1.2

Action                   || total
-------------------------++-------
 Cast: Sandblast         ||    12
Dodge: Dodged            ||     2

Table legend: (Time is in decaauts)
 A = Elapsed time spent in this place.
 B = Non-inter-level travel time spent in this place.
 C = Inter-level travel time spent in this place.
 D = Time resting spent in this place.
 E = Time spent auto-exploring this place.
 F = Levels seen in this place.
 G = Mean time per level.
                   A        B        C        D        E       F      G
               +--------+--------+--------+--------+--------+-----+--------+
         Total |    288 |    288 |      0 |      0 |    245 |   1 |  288.0 |
       Dungeon |    288 |    288 |      0 |      0 |    245 |   1 |  288.0 |
               +--------+--------+--------+--------+--------+-----+--------+

Top non-repeatable levels by time:
     D:1: 288 daAuts
